 Dungeon Crawl Stone Soup version 0.28-a0-1555-g9ae15a6949 (webtiles) character file.

Game seed: 8908384191717958454

242 sanka the Ruffian (level 6, -4/53 HPs)
             Began as a Gnoll Cinder Acolyte on Jan 18, 2022.
             Was a High Priest of Ignis.
             Slain by a centaur (5 damage)
             ... on level 4 of the Dungeon.
             The game lasted 00:05:08 (3058 turns).

sanka the Ruffian (Gnoll Cinder Acolyte)            Turns: 3058, Time: 00:05:09

Health: -4/53      AC:  3    Str: 13    XL:     6   Next: 9%
Magic:  2/11       EV: 11    Int: 15    God:    Ignis [*****.]
Gold:   86         SH:  0    Dex:  8    Spells: 7/11 levels left

rFire   + . .      SeeInvis .     - Unarmed
rCold   . . .      Faith    .   (no shield)
rNeg    . . .      Spirit   .   a - +0 robe
rPois   .          Reflect  .   e - +0 helmet
rElec   .          Harm     .   (no cloak)
rCorr   .          Rampage  .   (no gloves)
Will    .....                   (no boots)
Stlth   ++........              (no amulet)
HPRegen 0.17/turn               (no ring)
MPRegen 0.12/turn               (no ring)

@: no status effects
A: fangs 1, strong nose, distributed training
a: Renounce Religion, Fiery Armour, Foxfire Swarm, Rising Flame


You were on level 4 of the Dungeon.
You worshipped Ignis.
Ignis was extremely pleased with you.
You visited 1 branch of the dungeon, and saw 4 of its levels.

You collected 86 gold pieces.


Innate Abilities, Weirdness & Mutations

You have very sharp teeth.
Your uncanny sense of smell can sniff out nearby items.
Your experience applies equally to all skills.


   Skills:
 + Level 6.8 Fighting
 + Level 1.8 Short Blades
 + Level 1.8 Long Blades
 + Level 1.8 Axes
 + Level 1.8 Maces & Flails
 + Level 1.8 Polearms
 + Level 1.8 Staves
 + Level 1.8 Slings
 + Level 1.8 Bows
 + Level 1.8 Crossbows
 + Level 1.8 Throwing
 + Level 1.8 Armour
 + Level 1.8 Dodging
 + Level 1.8 Stealth
 + Level 1.8 Shields
 + Level 6.8 Unarmed Combat
 + Level 3.3 Spellcasting
 + Level 1.4 Conjurations
 + Level 1.4 Hexes
 + Level 1.4 Summonings
 + Level 1.4 Necromancy
 + Level 1.4 Translocations
 + Level 1.4 Transmutations
 + Level 5.6 Fire Magic
 + Level 1.4 Ice Magic
 + Level 1.4 Air Magic
 + Level 1.4 Earth Magic
 + Level 1.4 Poison Magic
 + Level 2.0 Invocations
 + Level 1.8 Evocations


You had 7 spell levels left.
You knew the following spells:

 Your Spells              Type           Power      Damage    Failure   Level
u - Poisonous Vapours     Pois/Air       12%        N/A       16%         2
y - Scorch                Fire           38%        2d7       3%          2

Your spell library contained the following spells:

 Spells                   Type           Power      Damage    Failure   Level
 Slow                     Hex            24%        N/A       11%         1
 Sting                    Tmut/Pois      24%        1d4       11%         1
 Confusing Touch          Hex            6%         N/A       32%         3
 Vampiric Draining        Necr           6%         2d6       32%         3
 Olgreb's Toxic Radiance  Pois           6%         N/A       71%         4

Inventory:

Missiles
 c - 2 javelins
Armour
 a - a +0 robe (worn)
 e - a +0 helmet (worn)
Magical Staves
 i - a staff of fire
Scrolls
 b - a scroll of teleportation {unknown}
 d - 2 scrolls of identify {unknown}
 g - a scroll of holy word {unknown}
 h - a scroll of fear {unknown}

Dungeon Overview and Level Annotations

Branches:
Dungeon (4/15)
 Temple: D:4-7

Altars:
Nemelex Xobeh

Shops:
D:3

( ............▒ ▒▒
............▒ .▒▒▒
...........▒ W..
▒▒▒▒▒.........▒
▒▒▒.▒▒▒▒..
▒.............▒
▒..†......
▒.............▒
▒.▒▒.▒▒▒..
▒...........▒▒▒▒▒.▒
.▒
▒...........cW....▒
▒
▒..........g▒▒▒▒..▒
▒...........▒ ▒..▒
▒.........▒▒▒ ▒..▒
▒.........▒ ▒▒▒...
▒.........▒ ▒<▒....
▒.........▒
▒.▒..▒▒▒ ∆
▒▒........▒ ▒.▒..▒
▒(▒▒▒▒▒▒▒▒ ▒.▒▒.▒
▒.▒ ▒.▒


You could see a phantom (combustible) and a centaur (combustible).


Message History

Flames lash the phantom.
The phantom is burned terribly!
The phantom is heavily damaged.
The centaur barely misses you. The centaur kicks you.
* * * LOW HITPOINT WARNING * * *
You don't have enough magic to cast this spell.
You punch the centaur!
The centaur is severely wounded.
The centaur hits you.
* * * LOW HITPOINT WARNING * * *
The centaur kicks you.
* * * LOW HITPOINT WARNING * * *
It was a potion of curing.
The centaur hits you.
* * * LOW HITPOINT WARNING * * *
The centaur misses you. The centaur closely misses you.
The centaur kicks you but does no damage.
You hit the centaur but do no damage. Your bite misses the centaur.
The centaur is severely wounded.
The centaur hits you.
* * * LOW HITPOINT WARNING * * *
The centaur kicks you.
* * * LOW HITPOINT WARNING * * *
You closely miss the centaur.
The centaur is severely wounded.
The centaur hits you.
You die...

Action                   |  1- 3 |  4- 6 || total
-------------------------+-------+-------++-------
Melee: Unarmed           |    32 |    68 ||   100
       Bite              |     3 |     8 ||    11
       Punch             |     2 |     2 ||     4
Throw: Javelin           |     2 |       ||     2
 Cast: Scorch            |     6 |    33 ||    39
  Use: Potion            |       |     2 ||     2
Armor: Robe              |     3 |    17 ||    20
Dodge: Dodged            |    12 |    42 ||    54

Levels and vault maps discovered:
D:1:      dpeg_arrival_more_subterranean_lakeside_camping, layout_basic,
          dreamdust_ecumenical_altar_drowned_temple
D:2:      layout_loops_ring, uniq_robin, uniq_terence
D:3:      layout_basic, nemelex_spade_bored_becter, serial_shops,
          nicolae_shop_behind_doors
D:4:      layout_basic, minmay_temple_entry_wispy, uniq_edmund

Notes
Turn   | Place    | Note
-------+----------+-------------------------------------------
     0 | D:1      | sanka the Gnoll Cinder Acolyte began the quest for the Orb.
     0 | D:1      | Reached XP level 1. HP: 23/23 MP: 4/4
   123 | D:1      | Found a faded altar of an unknown god.
   279 | D:1      | Reached XP level 2. HP: 29/29 MP: 5/5
   379 | D:1      | Learned a level 2 spell: Scorch
   797 | D:2      | Reached XP level 3. HP: 33/35 MP: 4/7
   946 | D:2      | Noticed Terence
   949 | D:2      | Killed Terence
   950 | D:2      | Reached skill level 1 in Short Blades
   950 | D:2      | Reached skill level 1 in Long Blades
   950 | D:2      | Reached skill level 1 in Axes
   950 | D:2      | Reached skill level 1 in Maces & Flails
   950 | D:2      | Reached skill level 1 in Polearms
   950 | D:2      | Reached skill level 1 in Staves
   950 | D:2      | Reached skill level 1 in Slings
   950 | D:2      | Reached skill level 1 in Bows
   950 | D:2      | Reached skill level 1 in Crossbows
   950 | D:2      | Reached skill level 1 in Throwing
   950 | D:2      | Reached skill level 1 in Armour
   950 | D:2      | Reached skill level 1 in Dodging
   950 | D:2      | Reached skill level 1 in Stealth
   950 | D:2      | Reached skill level 1 in Shields
   950 | D:2      | Reached skill level 1 in Invocations
   950 | D:2      | Reached skill level 1 in Evocations
  1048 | D:2      | Reached XP level 4. HP: 41/41 MP: 3/8
  1147 | D:2      | Noticed Robin
  1172 | D:2      | Killed Robin
  1173 | D:2      | Reached skill level 3 in Spellcasting
  1541 | D:2      | Reached skill level 1 in Conjurations
  1541 | D:2      | Reached skill level 1 in Hexes
  1541 | D:2      | Reached skill level 1 in Summonings
  1541 | D:2      | Reached skill level 1 in Necromancy
  1541 | D:2      | Reached skill level 1 in Translocations
  1541 | D:2      | Reached skill level 1 in Transmutations
  1541 | D:2      | Reached skill level 1 in Ice Magic
  1541 | D:2      | Reached skill level 1 in Air Magic
  1541 | D:2      | Reached skill level 1 in Earth Magic
  1541 | D:2      | Reached skill level 1 in Poison Magic
  1946 | D:3      | Reached XP level 5. HP: 47/47 MP: 4/9
  2227 | D:3      | Noticed a centaur
  2249 | D:3      | Killed a centaur
  2625 | D:3      | Found a sparkling altar of Nemelex Xobeh.
  2783 | D:3      | Learned a level 2 spell: Poisonous Vapours
  2834 | D:3      | Found Padeun's Antique Weapon Shop.
  2921 | D:4      | Reached XP level 6. HP: 53/53 MP: 10/10
  2925 | D:4      | Reached skill level 2 in Invocations
  3049 | D:4      | HP: 5/53 [centaur (3)]
  3055 | D:4      | HP: 5/53 [centaur (5)]
  3057 | D:4      | HP: 1/53 [centaur (2)]
  3058 | D:4      | Slain by a centaur

Vanquished Creatures
  A centaur (D:3)
  Terence (D:2)
  Robin (D:2)
  3 adders
  3 gnolls (D:3)
  2 dart slugs
  5 orcs
  3 ball pythons
  6 endoplasms
  2 giant cockroaches
  14 goblins
  7 hobgoblins
  A quokka (D:2)
  3 bats
  A frilled lizard (D:2)
  4 kobolds
  2 rats (D:1)
  A spectral goblin (D:1)
60 creatures vanquished.
